 Dungeon Crawl Stone Soup version 0.31-a0-133-gaae73658be (webtiles) character file.

Game seed: 14947075135048298666

9 IdlyInterested the Chopper (level 2, -3/23 HPs)
             Began as a Demonspawn Gladiator on June 2, 2023.
             Slain by a kobold
             ... wielding a +0 whip
              (8 damage)
             ... on level 1 of the Dungeon.
             The game lasted 00:00:47 (147 turns).

IdlyInterested the Chopper (Demonspawn Gladiator)    Turns: 147, Time: 00:00:47

Health: -3/23      AC:  4    Str: 14    XL:     2   Next: 3%
Magic:  2/2        EV: 12    Int:  9    God:
Gold:   4          SH:  0    Dex: 14    Spells: 1/1 levels left

rFire   . . .        a - +0 war axe
rCold   . . .        (no shield)
rNeg    . . .        b - +0 leather armour
rPois   .            c - +0 helmet
rElec   .            (no cloak)
rCorr   .            (no gloves)
SInv    .            (no boots)
Will    .....        (no amulet)
Stlth   +            (no ring)
HPRegen 0.23/turn    (no ring)
MPRegen 0.08/turn

%: no passive effects
@: no status effects
A: hooves 1
a: no special abilities


You were on level 1 of the Dungeon.
You visited 1 branch of the dungeon, and saw 1 of its levels.

You collected 4 gold pieces.

Inventory:

Hand Weapons
 a - a +0 war axe (weapon)
 f - a +0 falchion
Missiles
 d - 3 throwing nets (quivered)
 e - a javelin
Armour
 b - a +0 leather armour (worn)
 c - a +0 helmet (worn)
Scrolls
 g - a scroll of identify {unknown}


   Skills:
 * Level 2.3 Fighting
 + Level 2.8 Axes
 - Level 1.7 Throwing
 * Level 0.8 Armour
 - Level 2.6 Dodging


You had one spell level left.
You didn't know any spells.
Your spell library was empty.

Dungeon Overview and Level Annotations

Branches:
Dungeon (1/15)

Altars:


Innate Abilities, Weirdness & Mutations

You have large cloven feet.


Message History

You kill the rat!
You hit the kobold but do no damage. The kobold hits you but does no damage.
The ball python bites you but does no damage.
The ball python grabs you. The ball python constricts you.
The kobold completely misses you.
You slash the ball python!
You kill the ball python!
You barely miss the kobold. The bat hits you but does no damage.
You closely miss the kobold.
The kobold is moderately wounded.
The bat misses you. The bat closely misses you.
The kobold throws a stone.
The stone closely misses you. The kobold hits you but does no damage.
You slash the kobold!
You kill the kobold!
You closely miss the bat. The bat hits you but does no damage.
You have reached level 2!
Your demonic ancestry asserts itself...
Your feet thicken and deform.
You closely miss the kobold. Your kick misses the kobold. You hit the bat.
The bat completely misses you. The kobold hits you with a +0 whip.
You hit the kobold but do no damage. You kick the kobold.
The kobold is heavily wounded.
The bat hits you but does no damage. x2; The kobold drinks a potion.
The kobold seems to grow stronger.
You barely miss the kobold. You kick the kobold, but do no damage.
The kobold is heavily wounded.
You hit the bat.
You kill the bat!
The kobold hits you with a +0 whip. x2
You barely miss the kobold.
The kobold is heavily wounded.
The kobold hits you with a +0 whip.
* * * LOW HITPOINT WARNING * * *
You barely miss the kobold.
The kobold is heavily wounded.
The kobold hits you but does no damage.
You barely miss the kobold. Your kick misses the kobold.
The kobold is heavily wounded.
The kobold hits you with a +0 whip!
You die...

..........# .........###
#........... .
#...........#
..##...........
>......).......
...............
......K).......
.....##@##.####
.....##.##.#
...........#
......##.#..# .....
...#..# ##
#.#.#.########..#
.####.#.#.#.........#
...##.#.#.#.#.##....#
...#........#.#.........


You could see a kobold (strong).

Vanquished Creatures
  A ball python (D:1)
  An endoplasm (D:1)
  2 hobgoblins (D:1)
  A bat (D:1)
  2 kobolds (D:1)
  A rat (D:1)
8 creatures vanquished.

Notes
Turn   | Place    | Note
-------+----------+-------------------------------------------
     0 | D:1      | IdlyInterested the Demonspawn Gladiator began the quest for
                  | the Orb.
     0 | D:1      | Reached XP level 1. HP: 16/16 MP: 1/1
   142 | D:1      | Gained mutation: You have large cloven feet. [demonic
                  | ancestry]
   142 | D:1      | Reached XP level 2. HP: 14/22 MP: 2/2
   147 | D:1      | Slain by a kobold

Illustrated notes

Levels and vault maps discovered:
D:1:      dpeg_arrival_pits, layout_basic

Action                     || total
---------------------------++-------
  Melee: War axe           ||    23
         Kick              ||     2
 Armour: Leather armour    ||    12
  Dodge: Dodged            ||    14

Table legend: (Time is in decaauts)
 A = Elapsed time spent in this place.
 B = Non-inter-level travel time spent in this place.
 C = Inter-level travel time spent in this place.
 D = Time resting spent in this place.
 E = Time spent auto-exploring this place.
 F = Levels seen in this place.
 G = Mean time per level.
                   A        B        C        D        E       F      G
               +--------+--------+--------+--------+--------+-----+--------+
         Total |    154 |    141 |     13 |      0 |     92 |   1 |  154.0 |
       Dungeon |    154 |    141 |     13 |      0 |     92 |   1 |  154.0 |
               +--------+--------+--------+--------+--------+-----+--------+

Top non-repeatable levels by time:
     D:1: 154 daAuts
